Map: Moebius Facility XX-1

Players

sebasti - Winner!

  • Race: Terran Terran
  • League: Bronze

Stensson - Winner!

  • Race: Terran Terran

RayV

  • Race: Zerg Zerg

TheVoidTitan

  • Race: Protoss Protoss
  • League: Bronze

VOD

Have the link to the VOD?

Description

Time

  • Played on: May 2, 2016, 11:51 a.m.
  • Length: 18:57
Show
View Real Time Build Order
Export as new Build Order

sebasti Terran - Winner!

Build Orders: Bio Mine 

Get SALT Encoding   

  12  0:02  SCV  
  13  0:14  SCV  
  13  0:20  Supply Depot  
  14  0:26  SCV  
  15  0:43  SCV  
  15  0:49  Barracks  
  16  1:26  SCV  
  17  1:36  Command Center  
  17  1:38  SCV  
  18  1:47  Marine  
  18  1:50  Barracks  
  18  1:53  SCV  
  20  1:57  Refinery  
  20  2:05  Marine  
  21  2:17  Orbital Command  
  21  2:23  Refinery  
  21  2:27  Marine  
  22  3:03  SCV  
  23  3:08  Barracks Reactor  
  23  3:09  Marine  
  24  3:15  SCV  
  24  3:17  Factory  
  25  3:27  SCV, Orbital Command  
  26  3:40  Barracks Tech Lab, SCV  
  27  3:42  Supply Depot  
  27  3:45  Marine x2  
  29  3:52  SCV  
  29  3:55  SCV  
  31  4:04  SCV  
  31  4:07  SCV  
  33  4:13  Stimpack  
  33  4:17  Barracks Reactor  
  33  4:18  Widow Mine  
  33  4:19  Widow Mine, Starport  
  33  4:22  Marine  
  38  4:27  Supply Depot  
  38  4:33  SCV  
  39  4:39  Marine  
  39  4:43  Command Center  
  40  4:46  SCV  
  40  4:47  Widow Mine x2  
  45  4:53  Marine  
  45  4:54  Marine  
  45  4:57  Marine  
  45  4:58  SCV  
  49  5:10  SCV  
  49  5:11  Marine  
  51  5:15  Marine  
  52  5:22  SCV  
  53  5:35  SCV  
  54  5:48  Starport Reactor, Supply Depot  
  54  5:50  Supply Depot  
  54  5:54  Marine x2  
  56  5:58  Hellion x2  
  56  6:01  Orbital Command  
  60  6:06  Factory  
  60  6:11  Supply Depot, Starport  
  60  6:12  Marine x3  
  60  6:14  Combat Shields  
  63  6:30  Marine x3  
  66  7:00  Liberator  
  66  7:01  Liberator  
  72  7:24  Engineering Bay  
  72  7:27  Engineering Bay  
  72  7:40  Refinery x2  
  72  7:43  Widow Mine  
  72  7:44  Widow Mine  
  72  7:46  Orbital Command  
  72  7:47  Starport Tech Lab  
  76  7:52  Terran Infantry Weapons Level 1  
  76  7:54  Terran Infantry Armor Level 1  
  76  8:00  Medivac  
  76  8:01  Medivac  
  80  8:24  Factory Tech Lab  
  80  8:26  Banshee  
  83  8:28  Cloaking Field  
  83  8:31  Hellion x2  
  83  8:32  Marine x2  
  89  8:50  Marine  
  89  8:53  Hellion, Starport  
  89  8:55  SCV  
  93  8:57  Barracks Reactor  
  93  9:07  SCV  
  94  9:14  Liberator  
  94  9:19  SCV  
  95  9:27  Banshee  
  98  9:31  SCV  
  98  9:32  Medivac  
  104  9:43  SCV  
  104  9:45  Armory  
  105  10:01  Refinery x2  
  105  10:02  Viking  
  107  10:12  Banshee  
  110  10:23  Supply Depot  
  110  10:26  Banshee  
  113  10:35  Sensor Tower  
  113  10:38  Fusion Core  
  113  10:45  Supply Depot  
  113  10:48  SCV  
  114  10:54  Missile Turret  
  114  11:00  SCV  
  106  11:12  SCV  
  106  11:14  Missile Turret  
  88  11:33  Missile Turret  
  88  11:49  Banshee  
  88  11:51  Banshee  
  94  11:54  Hyperflight Rotors  
  94  11:56  Terran Vehicle Weapons Level 1  
  94  12:22  Widow Mine x2  
  98  12:25  Siege Tank  
  101  12:32  Banshee  
  101  12:34  Banshee  
  92  13:54  Liberator x2  
  89  14:01  Widow Mine  
  89  14:02  Widow Mine  
  93  14:04  Drilling Claws  
  93  14:06  Thor  
  93  14:08  Banshee  
  108  14:30  Widow Mine x2, Banshee  
  115  14:34  Supply Depot  
  115  14:35  Supply Depot  
  115  14:36  Supply Depot  
  115  14:56  Banshee  
  87  15:22  Infernal Pre-Igniter  
  86  15:48  Siege Tank  
  89  16:33  Banshee  
  89  16:35  Banshee  
  89  16:39  Widow Mine x3  
  101  18:05  Widow Mine x2  
Show
View Real Time Build Order
Export as new Build Order

Stensson Terran - Winner!

Build Orders:  

Get SALT Encoding   

  12  0:02  SCV  
  13  0:14  SCV  
  13  0:19  Supply Depot  
  14  0:26  SCV  
  15  0:40  SCV  
  15  0:42  Supply Depot  
  16  0:53  SCV  
  17  0:59  Refinery  
  17  1:04  Refinery, Supply Depot  
  17  1:05  SCV  
  18  1:17  SCV  
  19  1:27  Supply Depot  
  19  1:31  SCV  
  20  1:43  SCV  
  21  1:55  Command Center, SCV  
  22  2:07  SCV  
  23  2:19  SCV  
  24  2:26  Barracks  
  24  2:36  Barracks  
  24  2:40  SCV  
  25  2:54  Engineering Bay  
  25  2:55  SCV  
  26  3:07  SCV  
  26  3:09  SCV  
  26  3:11  Refinery  
  28  3:19  SCV  
  29  3:21  SCV  
  29  3:24  Barracks Reactor  
  30  3:33  SCV  
  31  3:37  Ghost Academy  
  31  3:46  SCV  
  32  3:54  Orbital Command  
  32  3:57  Factory  
  32  3:58  SCV  
  32  4:01  Factory  
  33  4:13  Barracks Reactor  
  33  4:19  SCV  
  34  4:25  Refinery  
  34  4:26  SCV  
  35  4:31  SCV, Terran Infantry Weapons Level 1  
  35  4:35  Marine x2  
  39  4:38  SCV  
  39  4:43  SCV  
  40  4:50  SCV  
  41  4:53  Marine x2  
  41  4:56  SCV  
  44  5:02  SCV  
  45  5:11  Marine x2  
  47  5:14  SCV  
  47  5:17  Reaper  
  47  5:18  Reaper  
  50  5:26  Factory Reactor  
  50  5:27  SCV  
  51  5:29  Marine x2, Factory Tech Lab  
  53  5:36  Supply Depot  
  53  5:39  SCV  
  54  5:46  Marine, Armory  
  54  5:47  Marine  
  54  5:49  Reaper  
  57  5:50  Reaper  
  62  6:04  Marine x2, Hellion x2  
  64  6:16  SCV  
  65  6:22  Marine x2, Reaper x2  
  65  6:25  Supply Depot, Hellion x2, Terran Infantry Armor Level 1  
  73  6:28  SCV  
  74  6:33  Thor  
  80  6:40  Marine x2, SCV  
  85  6:47  Hellion  
  85  6:52  SCV  
  85  6:54  Reaper x2  
  88  7:16  Thor  
  94  7:54  Starport  
  94  8:15  Supply Depot  
  94  8:18  Marine x2  
  94  8:19  Thor, Reaper x2, Hellion x2  
  108  8:36  Marine x2  
  108  8:38  Fusion Core  
  108  8:40  Hellion x2  
  114  8:51  Reaper x2  
  114  8:54  Marine x2  
  122  9:03  Hellion x2  
  122  9:12  Marine x2  
  124  9:23  Reaper x2  
  126  9:38  Supply Depot  
  126  9:40  Command Center  
  126  9:44  Thor  
  126  9:45  Hellion  
  134  9:59  Marine x2, Reaper x2  
  140  10:00  Hellion  
  140  10:06  Hellion  
  142  10:27  Weapon Refit  
  142  10:39  Supply Depot  
  142  10:40  Starport Tech Lab  
  142  10:47  Marine x2, Reaper x2  
  142  10:48  Hellion x2  
  150  10:51  Thor  
  150  10:53  Refinery  
  150  10:55  Refinery  
  156  10:58  SCV  
  157  11:05  Marine x2  
  157  11:09  Hellion x2  
  157  11:10  SCV  
  111  11:19  Reaper x2  
  111  11:23  Marine x2, SCV  
  83  11:30  Hellion  
  78  11:34  Thor  
  78  11:35  SCV  
  85  11:40  Marine x2  
  85  11:43  Hellion  
  89  11:47  SCV  
  89  11:51  Reaper x2  
  89  11:52  Hellion  
  94  11:58  Marine x2  
  96  12:05  Hellion  
  96  12:06  SCV  
  99  12:13  Hellion  
  101  12:16  Marine x2, Supply Depot  
  101  12:17  Thor  
  101  12:18  Supply Depot, SCV  
  110  12:24  Reaper x2  
  110  12:26  Hellion  
  114  12:30  SCV  
  114  12:33  Terran Infantry Weapons Level 2  
  114  12:34  Hellion  
  114  12:36  Terran Vehicle Weapons Level 1  
  117  12:41  Marine x2  
  117  12:43  SCV  
  120  12:47  Hellion  
  122  12:55  SCV  
  122  12:56  Reaper x2, Hellion  
  127  12:59  Marine x2  
  127  13:00  Thor  
  135  13:09  Battlecruiser  
  141  13:17  Marine x2  
  141  13:18  Behemoth Reactor  
  143  13:28  Reaper x2  
  145  13:35  Marine x2, Hellion x2  
  151  13:43  Thor  
  157  13:52  Marine  
  157  13:53  Marine  
  159  13:56  Hellion x2  
  159  14:00  Reaper x2  
  165  14:10  Marine x2  
  165  14:12  Command Center  
  165  14:14  Battlecruiser  
  165  14:16  Refinery  
  173  14:17  Refinery, Hellion  
  175  14:25  Thor  
  175  14:30  Terran Vehicle And Ship Armor Level 1  
  181  14:32  Reaper x2  
  183  14:49  Terran Infantry Armor Level 2  
  183  15:04  Reaper x2  
  107  15:36  SCV  
  108  15:48  SCV  
  109  16:00  SCV  
  110  16:12  SCV  
  111  16:24  SCV, Terran Ship Weapons Level 1  
  112  16:33  Marine x2  
  112  16:36  SCV  
  117  16:41  Reaper x2  
  117  16:45  Thor  
  123  16:47  Hellion x2  
  123  16:50  Battlecruiser  
  123  16:51  Marine x2  
  135  17:09  Marine x2, Hellion x2  
  135  17:13  Reaper x2  
  143  17:26  Marine  
  143  17:27  Marine  
  143  17:28  Thor  
  151  17:30  Hellion x2  
  155  17:45  Reaper x2  
  157  17:51  Hellion x2  
  167  18:11  Thor  
  173  18:17  Reaper x2  
Show
View Real Time Build Order
Export as new Build Order

RayV Zerg 

Build Orders: Hatch First, Muta Ling Bane 

Get SALT Encoding   

  12  0:03  Drone  
  13  0:19  Drone  
  14  0:42  Overlord  
  14  0:55  Hatchery  
  13  0:59  Drone  
  14  1:07  Spawning Pool  
  14  1:08  Drone  
  14  1:13  Drone  
  14  1:16  Drone  
  16  1:25  Drone  
  16  1:29  Extractor  
  16  1:46  Drone  
  17  1:53  Drone  
  17  1:54  Drone  
  19  1:56  Queen  
  21  2:09  Drone  
  22  2:28  Zergling x4  
  23  2:40  Baneling Nest, Extractor  
  22  2:44  Drone x3  
  22  2:45  Queen  
  22  2:50  Queen  
  27  3:01  Zergling x2  
  27  3:02  Overlord  
  28  3:09  Metabolic Boost  
  28  3:24  Overlord, Drone x3  
  31  3:29  Drone  
  31  3:30  Drone  
  31  3:33  Drone  
  34  3:53  Drone x2  
  34  3:54  Drone  
  34  3:55  Overlord  
  37  3:56  Zergling x2  
  37  3:58  Zergling x2  
  39  4:03  Drone x2  
  39  4:05  Drone  
  39  4:08  Drone  
  43  4:13  Overlord  
  43  4:42  Evolution Chamber  
  43  4:44  Zergling x6  
  45  4:48  Lair  
  45  5:01  Drone x2  
  45  5:02  Overlord, Drone x2  
  49  5:07  Extractor  
  49  5:08  Extractor  
  47  5:29  Baneling x5  
  47  5:30  Baneling x7  
  47  5:31  Baneling x3  
  47  5:36  Zerg Ground Armor Level 1  
  47  5:38  Hatchery  
  46  5:57  Spire, Zergling x6  
  46  5:58  Zergling x6  
  51  6:04  Drone x3  
  51  6:05  Drone x2  
  51  6:06  Overlord  
  51  6:10  Burrow  
  56  6:13  Pneumatized Carapace  
  56  6:25  Baneling x2  
  56  6:26  Baneling x3  
  56  6:30  Overseer  
  56  6:51  Baneling x7  
  56  7:12  Zergling x4  
  56  7:13  Zergling x12  
  64  7:26  Centrifical Hooks  
  64  7:32  Zergling x10  
  69  8:01  Baneling x6  
  69  8:02  Baneling x4  
  69  8:03  Baneling x6  
  69  8:04  Baneling x5  
  69  8:05  Baneling x5  
  71  8:13  Drone  
  71  8:14  Drone x4  
  74  8:34  Mutalisk  
  74  8:35  Mutalisk x2  
  74  8:37  Zergling x4  
  74  8:38  Overlord x6  
  82  8:51  Zerg Flyer Weapons Level 1  
  82  9:07  Hatchery  
  81  9:24  Zergling x14  
  84  9:25  Zergling x6  
  84  9:26  Overlord  
  91  9:33  Zerg Ground Armor Level 2  
  91  9:35  Infestation Pit  
  91  9:36  Baneling x4  
  90  9:46  Baneling x7  
  90  9:47  Baneling x6  
  90  10:05  Baneling  
  90  10:06  Baneling x6  
  90  10:34  Mutalisk x2  
  94  10:37  Queen  
  68  11:25  Zergling x8  
  51  11:26  Zergling x12  
  51  11:27  Zergling x4  
  59  11:42  Mutalisk x5  
  59  11:43  Mutalisk  
  71  11:47  Mutalisk x2  
  71  11:48  Mutalisk  
  71  11:53  Overseer  
  77  12:13  Zergling x6  
  77  12:14  Zergling x12  
  77  12:15  Zergling x4  
  88  12:16  Overlord  
  88  12:28  Hatchery  
  87  12:33  Zergling x6  
  76  13:06  Hydralisk Den  
  76  13:11  Baneling  
  76  13:12  Baneling x7  
  75  13:13  Baneling x6  
  75  13:14  Baneling x7  
  75  13:15  Baneling x6  
  75  13:16  Baneling x2  
  75  13:45  Queen  
  75  14:02  Zergling x12  
  81  14:03  Zergling x14  
  81  14:04  Zergling x2  
  81  14:06  Hive  
  81  14:08  Drone x5  
  89  14:25  Hatchery  
  30  15:27  Hydralisk  
  30  15:28  Hydralisk x5  
  42  15:39  Extractor x2  
  40  15:50  Drone x2  
  42  15:59  Hydralisk x3  
  48  16:11  Drone x3  
  48  16:12  Drone x7  
  48  16:13  Drone  
  59  16:33  Drone x4  
  59  16:34  Drone  
  64  16:54  Roach Warren  
  64  16:59  Hydralisk x3  
  64  17:00  Hydralisk x2  
  73  17:24  Hydralisk x4  
  79  17:39  Mutalisk  
  80  17:59  Drone x20  
  80  18:15  Hatchery  
  79  18:24  Zergling x8  
  79  18:25  Zergling x14  
  79  18:26  Zergling x8  
Show
View Real Time Build Order
Export as new Build Order

TheVoidTitan Protoss 

Build Orders:  

Get SALT Encoding   

  12  0:03  Probe (Chrono Boost)  
  13  0:14  Probe (Chrono Boost)  
  14  0:25  Probe (Chrono Boost)  
  15  0:31  Pylon  
  15  0:56  Gateway  
  15  0:58  Gateway  
  15  1:10  Probe (Chrono Boost)  
  16  1:30  Probe (Chrono Boost)  
  17  1:35  Assimilator  
  17  1:41  Probe (Chrono Boost)  
  18  1:51  Probe (Chrono Boost)  
  19  1:54  Zealot  
  19  1:55  Zealot  
  19  2:00  Cybernetics Core  
  23  2:33  Nexus  
  23  2:34  Pylon  
  23  2:35  Assimilator  
  23  2:37  Warp Gate (Chrono Boost)  
  23  2:50  Pylon  
  23  2:52  Probe (Chrono Boost)  
  23  2:53  Forge  
  24  3:03  Probe (Chrono Boost)  
  25  3:13  Probe (Chrono Boost)  
  25  3:14  Gateway  
  25  3:16  Gateway  
  26  3:25  Mothership Core  
  28  3:36  Robotics Facility  
  28  4:08  Probe  
  28  4:12  Photon Cannon  
  28  4:14  Photon Cannon  
  28  4:16  Photon Cannon  
  29  4:19  Probe  
  30  4:29  Probe  
  31  4:40  Probe  
  32  4:49  Protoss Ground Weapons Level 1 (Chrono Boost)  
  32  4:50  Observer, Probe  
  34  5:01  Stalker x3, Probe  
  34  5:06  Stalker  
  43  5:11  Probe  
  44  5:22  Probe  
  44  5:25  Immortal (Chrono Boost)  
  49  5:30  Pylon  
  49  5:32  Probe  
  50  5:43  Probe  
  51  5:54  Probe  
  52  6:00  Stalker x3  
  52  6:01  Stalker  
  60  6:13  Pylon  
  64  6:37  Immortal (Chrono Boost)  
  60  7:14  Stalker x3  
  60  7:15  Stalker  
  68  7:27  Pylon  
  68  7:32  Pylon  
  68  7:40  Stalker  
  70  7:46  Probe  
  70  7:47  Pylon  
  70  7:50  Pylon  
  71  7:51  Assimilator  
  71  7:54  Pylon  
  71  7:57  Probe  
  72  8:07  Probe  
  73  8:13  Robotics Facility  
  73  8:16  Robotics Bay  
  73  8:18  Probe  
  74  8:23  Assimilator  
  74  8:28  Probe  
  75  8:39  Probe  
  80  8:43  Immortal (Chrono Boost)  
  80  8:46  Nexus  
  80  8:49  Probe  
  80  8:54  Stalker x3  
  80  8:55  Stalker  
  89  9:00  Probe  
  102  9:24  Colossus (Chrono Boost)  
  102  9:25  Colossus (Chrono Boost)  
  102  9:37  Extended Thermal Lance (Chrono Boost)  
  102  10:10  Colossus  
  108  10:24  Probe  
  109  10:34  Probe  
  110  10:45  Probe  
  111  10:55  Probe  
  110  11:06  Probe  
  53  11:36  Stalker x2  
  53  11:37  Stalker x2  
  61  11:42  Immortal (Chrono Boost)  
  61  11:43  Immortal (Chrono Boost)  
  69  12:00  Stalker  
  69  12:01  Stalker x3  
  77  12:16  Immortal (Chrono Boost)  
  77  12:18  Immortal (Chrono Boost)  
  85  12:25  Stalker x4  
  93  12:36  Protoss Ground Armor Level 1 (Chrono Boost)  
  93  12:39  Mothership Core  
  95  12:52  Stalker x4  
  95  12:53  Observer (Chrono Boost)  
  104  13:16  Stalker x3  
  104  13:17  Stalker  
  103  14:00  Stalker x3  
  103  14:01  Stalker  
  111  14:26  Gateway  
  111  14:30  Stalker x4  
  119  14:33  Gateway  
  119  14:37  Gateway  
  41  15:32  Stalker x4  
  49  15:44  Immortal (Chrono Boost)  
  49  15:45  Immortal (Chrono Boost)  
  57  16:03  Stalker x4  
  57  16:04  Stalker x2  
  77  16:18  Immortal (Chrono Boost)  
  77  16:19  Immortal (Chrono Boost)  
  77  16:25  Mothership Core  
  79  17:05  Stalker x5  
  89  17:50  Stalker  
  89  17:51  Stalker x3  
  93  17:52  Stalker  
Tags
 
Add a new tag
Caveats
  • Supply blocks, unpowered buildings, or Contaminate may cause inaccurate times.
  • Supply counts are checked every 10 seconds.